 Dungeon Crawl Stone Soup version 0.27-a0-951-gae3e1deef5 (webtiles) character file.

Game seed: 4710563427557057726

16 Alarkh the Insei (level 2, 18/21 HPs)
             Began as a Demonspawn Transmuter on Apr 11, 2021.
             Got out of the dungeon alive.
             The game lasted 00:00:33 (388 turns).

Alarkh the Insei (Demonspawn Transmuter)             Turns: 388, Time: 00:00:33

Health: 18/21      AC:  2    Str: 10    XL:     2   Next: 37%
Magic:  5/5        EV: 12    Int: 14    God:
Gold:   8          SH:  0    Dex: 13    Spells: 4/5 levels left

rFire    . . .     SeeInvis .     - Unarmed
rCold    . . .     Faith    .   (no shield)
rNeg     . . .     Spirit   .   a - +0 robe
rPois    .         Reflect  .   (no helmet)
rElec    .         Harm     .   (no cloak)
rCorr    .         Rampage  .   (no gloves)
Will     .....                  (no boots)
Stlth    +.........             (no amulet)
HPRegen  0.07/turn              (no ring)
MPRegen  0.09/turn              (no ring)

@: no status effects
A: demonic magic 1
a: no special abilities


You escaped.
You visited 1 branch of the dungeon, and saw 1 of its levels.

You collected 8 gold pieces.

Inventory:

Armour
 a - a +0 robe (worn)
Potions
 b - a potion of curing {unknown}
 c - a potion of attraction {unknown}


   Skills:
 + Level 1.3 Fighting
 - Level 1.7 Dodging
 * Level 3.0 Unarmed Combat
 + Level 2.1 Spellcasting
 + Level 2.0 Transmutations


You had 4 spell levels left.
You knew the following spells:

 Your Spells              Type           Power      Damage    Failure   Level
a - Beastly Appendage     Tmut           14%        N/A       11%         1

Your spell library contained the following spells:

 Spells                   Type           Power      Damage    Failure   Level
 Wereblood                Tmut           7%         N/A       16%         2
 Spider Form              Tmut/Pois      2%         N/A       43%         3
 Ice Form                 Ice/Tmut       4%         N/A       83%         4
 Hydra Form               Tmut           3%         N/A       96%         5


Dungeon Overview and Level Annotations

Branches:
Dungeon (1/15)

Altars:


Innate Abilities, Weirdness & Mutations

Spells you cast may paralyse adjacent enemies.


Message History

You closely miss the quokka. The quokka misses you.
You closely miss the quokka. The quokka bites you.
You hit the quokka.
The quokka is heavily wounded.
The quokka bites you but does no damage.
You hit the quokka.
You kill the quokka!
Your transformation is almost over.
No target in view!
Unknown command.
Your horns disappear.
Your talons disappear.
A bat comes into view.
You can't go up here!
A bat is nearby!
Unknown command.
Unknown command.
You hit the bat.
You kill the bat!
No target in view!
No target in view!
No target in view!
Unknown command.
No target in view!
No target in view!
No target in view!
No target in view!
No target in view!
No target in view!
No target in view!
No target in view!
No target in view!
Unknown command.
No target in view!
Unknown command.
There is a huge open gate here.
There is a huge open gate here.
There is a huge open gate here.
There is a staircase leading out of the dungeon here.
Are you sure you want to leave the Dungeon?
This will make you lose the game!
You have escaped!

#.#..........#
#............#
###...≈≈≈.≈≈≈..##
....≈≈....♣≈≈..########
##..≈≈.♣..8..≈≈.........
##..≈≈.......♣.≈≈..#####
....≈...........≈..#
#.≈..8........≈..#
#.≈≈.♣..@.8..≈≈.##
#..≈≈....♣..≈≈..#
##..≈≈.♣...≈≈..##
##..≈≈≈≈≈≈≈..##
##..........#
#.####.###.# #.####.#
#.# #..)...# #.# #
####.### #.#


There were no monsters in sight!

Vanquished Creatures
  An endoplasm (D:1)
  2 giant cockroaches (D:1)
  2 goblins (D:1)
  3 jackals (D:1)
  A quokka (D:1)
  A ball python (D:1)
  A bat (D:1)
  A frilled lizard (D:1)
  2 rats (D:1)
14 creatures vanquished.

Notes
Turn   | Place    | Note
-------+----------+-------------------------------------------
     0 | D:1      | Alarkh the Demonspawn Transmuter began the quest for the
                  | Orb.
     0 | D:1      | Reached XP level 1. HP: 15/15 MP: 3/3
    81 | D:1      | Found a faded altar of an unknown god.
   237 | D:1      | Gained mutation: Spells you cast may paralyse adjacent
                  | enemies. [demonic ancestry]
   237 | D:1      | Reached XP level 2. HP: 13/21 MP: 1/5
   247 | D:1      | Reached skill level 3 in Unarmed Combat
   388 | D:$      | Got out of the dungeon alive.

Illustrated notes

Levels and vault maps discovered:
D:1:      moated_graveyard_arrival, layout_loops_ring,
          hellmonk_ecumenical_altar_heavens_door

Skill      XL: |  1  2 |
---------------+-------+-----
Unarmed Combat | 3 |  3.0
Transmutations | 2 |  2.0
Fighting       | |  1.3
Dodging        | |  1.7
Spellcasting   | |  2.1

Action                   || total
-------------------------++-------
Melee: Unarmed           ||    54
       Kick              ||    10
       Punch             ||     2
       Headbutt          ||     2
 Cast: Beastly Appendage ||     8
 Stab: Sleeping          ||     1
Armor: Robe              ||    14
Dodge: Dodged            ||    35

Table legend: (Time is in decaauts)
 A = Elapsed time spent in this place.
 B = Non-inter-level travel time spent in this place.
 C = Inter-level travel time spent in this place.
 D = Time resting spent in this place.
 E = Time spent auto-exploring this place.
 F = Levels seen in this place.
 G = Mean time per level.
                   A        B        C        D        E       F      G
               +--------+--------+--------+--------+--------+-----+--------+
         Total |    385 |    319 |     66 |      0 |    221 |   1 |  385.0 |
       Dungeon |    385 |    319 |     66 |      0 |    221 |   1 |  385.0 |
               +--------+--------+--------+--------+--------+-----+--------+

Top non-repeatable levels by time:
     D:1: 385 daAuts
